Map: Frost LE

Players

Neeb - Winner!

  • Race: Protoss Protoss

Scarlett

  • Race: Zerg Zerg

Event: 2016 WCS Summer Circuit Championship (DH Montreal)

VOD

Have the link to the VOD?

Description

Time

  • Played on: Aug. 13, 2016, 9:31 p.m.
  • Length: 8:38

All games in this series

Show
View Real Time Build Order
Export as new Build Order

Neeb Protoss - Winner!

Build Orders: Nexus First 

Get SALT Encoding   

  12  0:00  Probe (Chrono Boost)  
  13  0:11  Probe (Chrono Boost)  
  14  0:17  Pylon  
  14  0:22  Probe (Chrono Boost)  
  16  0:35  Probe (Chrono Boost)  
  16  0:46  Probe (Chrono Boost)  
  17  0:57  Nexus  
  17  1:07  Gateway  
  17  1:12  Probe (Chrono Boost)  
  17  1:17  Assimilator  
  18  1:22  Probe (Chrono Boost)  
  18  1:24  Assimilator  
  19  1:33  Probe (Chrono Boost)  
  19  1:38  Gateway  
  20  1:43  Probe (Chrono Boost)  
  22  1:54  Probe (Chrono Boost)  
  22  1:55  Cybernetics Core  
  22  2:04  Probe (Chrono Boost)  
  23  2:10  Probe (Chrono Boost)  
  23  2:15  Probe (Chrono Boost)  
  25  2:20  Probe (Chrono Boost)  
  26  2:24  Pylon  
  26  2:25  Probe (Chrono Boost)  
  27  2:31  Adept, Warp Gate  
  27  2:32  Probe (Chrono Boost)  
  30  2:37  Probe (Chrono Boost)  
  30  2:44  Probe (Chrono Boost), Stalker  
  32  2:48  Probe (Chrono Boost)  
  35  2:54  Twilight Council  
  35  2:59  Probe (Chrono Boost)  
  35  3:01  Probe (Chrono Boost)  
  37  3:07  Adept  
  37  3:09  Probe (Chrono Boost)  
  37  3:11  Probe (Chrono Boost)  
  41  3:18  Resonating Glaives  
  41  3:20  Probe (Chrono Boost)  
  41  3:22  Probe (Chrono Boost)  
  43  3:29  Pylon  
  43  3:32  Probe (Chrono Boost)  
  44  3:36  Gateway  
  44  3:38  Gateway  
  44  3:41  Gateway  
  44  3:48  Robotics Facility  
  44  3:56  Gateway  
  44  3:57  Gateway  
  44  4:02  Gateway  
  44  4:15  Pylon  
  44  4:21  Pylon  
  44  4:35  Adept x4  
  44  4:37  Warp Prism  
  52  4:41  Nexus  
  54  4:46  Pylon  
  54  4:55  Adept x2  
  54  4:56  Adept  
  60  5:04  Adept x2  
  60  5:05  Adept  
  66  5:12  Pylon  
  66  5:13  Pylon  
  66  5:33  Adept x5  
  66  5:34  Adept x3  
  82  5:36  Pylon  
  66  5:57  Adept x3  
  66  5:58  Adept x5  
  66  6:00  Warp Prism  
  66  6:29  Adept x2  
  66  6:30  Adept x6  
  60  6:55  Adept x5  
  60  6:56  Adept x3  
  60  7:01  Pylon  
  76  7:21  Adept x4  
  76  7:22  Adept x3  
  90  7:23  Adept  
  92  7:43  Adept x4  
  100  7:48  Pylon  
  92  8:13  Adept x3  
  92  8:14  Adept x4  
  92  8:16  Adept  
  86  8:34  Adept x6  
  86  8:35  Adept  
Show
View Real Time Build Order
Export as new Build Order

Scarlett Zerg 

Build Orders: Hatch First 

Get SALT Encoding   

  12  0:00  Drone  
  13  0:12  Overlord  
  13  0:18  Drone  
  14  0:31  Drone  
  14  0:32  Drone  
  14  0:35  Drone  
  17  0:52  Drone  
  17  0:56  Hatchery  
  17  0:58  Drone  
  18  1:06  Extractor  
  17  1:14  Spawning Pool  
  17  1:17  Drone  
  17  1:20  Drone  
  18  1:28  Drone  
  19  1:38  Overlord  
  19  1:51  Drone  
  20  2:00  Queen  
  22  2:01  Zergling x2  
  22  2:08  Metabolic Boost, Queen  
  25  2:09  Drone  
  25  2:12  Drone  
  27  2:20  Drone  
  28  2:26  Drone  
  29  2:38  Hatchery  
  29  2:42  Drone x2  
  30  2:53  Overlord  
  30  2:54  Drone x2  
  30  2:58  Zergling x2  
  33  3:03  Drone, Queen  
  35  3:11  Drone  
  35  3:12  Drone x3  
  39  3:13  Overlord  
  39  3:16  Drone x2  
  41  3:22  Drone  
  41  3:24  Zergling x2  
  41  3:26  Overlord  
  43  3:37  Drone  
  43  3:38  Drone  
  45  3:42  Extractor  
  45  3:47  Drone  
  45  3:48  Drone x3  
  48  3:49  Queen  
  48  3:50  Roach Warren  
  49  3:56  Drone  
  49  3:57  Drone  
  49  4:01  Overlord  
  51  4:06  Queen  
  53  4:10  Overlord  
  53  4:14  Overlord  
  52  4:18  Drone x5  
  52  4:20  Drone x3  
  60  4:25  Overlord  
  60  4:28  Overlord  
  60  4:30  Drone x3  
  63  4:31  Queen  
  63  4:36  Drone, Extractor  
  63  4:37  Overlord  
  65  4:39  Zergling x2  
  65  4:43  Roach  
  68  4:46  Roach x2  
  68  4:52  Roach x4  
  80  4:58  Roach x3  
  86  5:01  Roach x2  
  90  5:07  Lair  
  90  5:10  Zergling x8  
  90  5:13  Spore Crawler  
  93  5:23  Drone x9  
  102  5:30  Overlord, Spore Crawler  
  101  5:38  Roach x3  
  101  5:42  Roach x4  
  109  5:45  Roach  
  102  5:57  Roach  
  102  5:58  Roach x4  
  104  6:05  Roach x2  
  104  6:09  Queen  
  97  6:16  Roach x4  
  72  6:29  Drone  
  72  6:30  Drone x6  
  67  6:41  Drone x4  
  67  6:46  Drone  
  70  6:47  Drone x2  
  70  6:50  Drone  
  70  7:01  Glial Reconstitution  
  70  7:03  Drone x3  
  70  7:04  Overseer  
  70  7:08  Drone  
  74  7:10  Drone  
  74  7:13  Drone  
  76  7:17  Drone  
  76  7:19  Drone x2  
  79  7:24  Drone  
  79  7:25  Drone x2  
  82  7:32  Roach x2  
  82  7:33  Roach  
  86  7:41  Roach  
  90  7:46  Roach  
  90  7:50  Roach  
  92  7:52  Roach x2  
  92  7:58  Roach  
  98  8:04  Roach  
  90  8:14  Roach  
  90  8:15  Roach x2  
  90  8:17  Roach  
  90  8:18  Roach x2  
Tags
 
Add a new tag
Caveats
  • Supply blocks, unpowered buildings, or Contaminate may cause inaccurate times.
  • Supply counts are checked every 10 seconds.